Map: Ruby Rock LE

Players

INexorable

  • Race: Terran Terran
  • Spawn Location: 11:00

A.I. 1 (Very Easy) - Winner!

  • Race: Zerg Zerg
  • Spawn Location: 5:00

VOD

Have the link to the VOD?

Description

Time

  • Played on: Dec. 22, 2025, 3:51 p.m.
  • Length: 8:24
Show
View Real Time Build Order
Export as new Build Order

INexorable Terran 

Build Orders: Reaper Expand 

Get SALT Encoding   

  12  0:00  SCV  
  13  0:12  SCV  
  14  0:16  Supply Depot  
  14  0:24  SCV  
  15  0:38  SCV  
  15  0:39  Barracks  
  16  0:42  Refinery  
  16  0:50  SCV  
  17  1:02  SCV  
  18  1:14  SCV  
  19  1:26  Orbital Command, Reaper  
  20  1:37  Command Center  
  20  1:46  Supply Depot  
  20  1:52  SCV  
  21  1:59  Barracks Reactor  
  21  2:04  SCV  
  21  2:07  Barracks  
  22  2:12  Refinery  
  22  2:17  SCV  
  23  2:27  Factory  
  23  2:29  SCV  
  24  2:35  Marine x2  
  26  2:41  SCV  
  27  2:51  Orbital Command  
  27  2:53  Marine x2  
  27  2:54  SCV  
  27  2:55  Barracks Tech Lab  
  30  3:06  SCV  
  30  3:11  Marine x2  
  33  3:14  Marine  
  33  3:15  Stimpack  
  33  3:16  SCV  
  33  3:18  SCV  
  36  3:27  Starport, Supply Depot  
  36  3:29  SCV  
  36  3:32  SCV  
  38  3:34  Marine x2  
  38  3:36  Factory Reactor  
  38  3:38  Marine  
  42  3:41  SCV  
  42  3:44  SCV  
  43  3:50  Supply Depot  
  43  3:52  Marine x2  
  43  3:53  SCV  
  46  3:56  Marine, SCV  
  48  4:05  SCV  
  48  4:09  SCV  
  50  4:10  Marine x2  
  50  4:14  Marine  
  53  4:17  SCV  
  53  4:18  Medivac x2  
  53  4:19  Supply Depot  
  53  4:21  SCV  
  59  4:28  Command Center  
  59  4:30  SCV  
  60  4:33  SCV  
  61  4:38  Factory Tech Lab  
  61  4:39  Supply Depot  
  61  4:44  SCV  
  61  4:45  SCV  
  63  4:48  Engineering Bay x2  
  63  4:56  SCV  
  63  4:57  Marine x3, SCV, Refinery  
  63  4:58  Refinery  
  63  4:59  Combat Shield  
  68  5:07  Starport Reactor  
  68  5:08  SCV  
  68  5:09  SCV  
  68  5:12  Barracks  
  70  5:15  Terran Infantry Armor Level 1, Terran Infantry Weapons Level 1  
  70  5:16  Marine x2  
  70  5:18  Marine  
  70  5:20  SCV  
  74  5:21  SCV  
  75  5:30  Siege Tank  
  78  5:37  Supply Depot  
  78  5:39  Marine x2, Barracks  
  78  5:40  SCV x2  
  82  5:43  Barracks  
  82  5:49  Marine, Supply Depot  
  82  5:53  Medivac x2  
  82  5:55  SCV x2  
  88  5:57  Marine x2  
  88  5:58  Marine  
  88  5:59  Marine  
  92  6:05  Supply Depot  
  92  6:07  Marine, Orbital Command, SCV  
  92  6:10  Siege Tank  
  97  6:13  Supply Depot  
  97  6:14  SCV  
  98  6:20  SCV  
  98  6:21  Marine x4  
  98  6:25  Supply Depot  
  103  6:26  SCV  
  103  6:30  Barracks Reactor x2  
  103  6:32  SCV  
  105  6:33  SCV, Armory  
  105  6:36  Marine  
  105  6:39  SCV  
  108  6:40  Supply Depot  
  108  6:43  Marine x4  
  108  6:45  SCV  
  108  6:46  SCV  
  114  6:51  Siege Tank  
  114  6:54  Marine, Medivac x2  
  117  6:56  SCV  
  117  6:57  SCV  
  117  6:59  SCV  
  117  7:00  Supply Depot  
  125  7:01  Supply Depot  
  125  7:02  Marine x3  
  125  7:03  Marine  
  129  7:11  Marine x4  
  133  7:16  Command Center  
  133  7:22  Marine x2  
  133  7:23  Marine x2  
  133  7:24  Marine  
  133  7:25  SCV  
  133  7:28  Widow Mine  
  141  7:35  Refinery, Bunker  
  141  7:37  Marine x3  
  141  7:38  Factory, Marine  
  141  7:42  Marine  
  146  7:45  Refinery  
  146  7:48  Marine, Supply Depot  
  146  7:51  Marine, Supply Depot  
  147  7:53  Supply Depot  
  147  7:54  Marine x3  
  147  7:55  Marine  
  147  7:56  Widow Mine  
  154  8:01  SCV  
  157  8:06  Supply Depot  
  157  8:10  SCV x2  
  165  8:17  Barracks  
  165  8:18  Barracks  
  165  8:19  Barracks  
  167  8:22  Factory Reactor  
Show
View Real Time Build Order
Export as new Build Order

A.I. 1 (Very Easy) Zerg - Winner!

Build Orders: Pool First 

Get SALT Encoding   

  12  0:01  Drone  
  13  0:12  Overlord  
  13  0:16  Drone  
  14  0:36  Spawning Pool  
  14  0:37  Extractor  
  14  0:39  Drone  
  13  0:47  Drone  
  14  0:52  Overlord  
  14  1:24  Queen, Zergling x2  
  17  1:32  Roach Warren  
  16  1:36  Drone  
  17  1:40  Extractor  
  17  1:41  Zergling x2  
  17  1:44  Drone  
  18  1:57  Drone  
  18  1:58  Zergling x2  
  20  2:08  Drone  
  21  2:18  Drone  
  22  2:29  Drone  
  23  2:31  Overlord  
  23  2:36  Drone  
  24  2:43  Drone  
  25  5:42  Roach, Drone, Overlord, Lair  
  28  5:49  Drone  
  29  5:56  Drone  
  30  6:03  Drone  
  31  6:10  Drone  
  32  6:18  Drone  
  30  6:21  Roach  
  32  6:39  Overseer  
  32  6:40  Overseer  
  32  6:49  Zergling x2  
  33  7:06  Hatchery  
  32  7:29  Roach  
Tags
 
Add a new tag
Caveats
  • Supply blocks, unpowered buildings, or Contaminate may cause inaccurate times.
  • Supply counts are checked every 10 seconds.